Unix NetHack Version 3.7.0-84 Work-in-progress - last build May 8 2023 02:49:33 (a521f9c9ba282fe1dbcfd9214424a180692735d4,branch:master). Game began 2023-05-21 18:20:52, ended 2023-05-21 18:29:12. DoktorL, lawful female human Valkyrie ----- +@..| |C..| |...| ---.- DoktorL the Skirmisher St:18 Dx:13 Co:17 In:10 Wi:8 Ch:10 Lawful S:1022 Dlvl:8 $:110 HP:0(41) Pw:11(11) AC:6 Xp:4/138 T:2862 Latest messages: In what direction? The food ration misses the pony. You hear a sceptre pounded in judgment. x - a food ration (3 in total). There is nothing here to pick up. E - a brilliant blue potion. You already found a monster. Use 'm' prefix to force another search. You already found a monster. Use 'm' prefix to force another search. You miss the newt. You kill the newt! You hear water falling on coins. You hear some noises in the distance. You hear water falling on coins. You hear the tones of courtly conversation. You hear the tones of courtly conversation. The door opens. KABOOM!! The door was booby-trapped! You stagger... You feel a bit steadier now. You stop searching. You hear the tones of courtly conversation. Someone shouts "Off with her head!" You are almost hit by a knife. You are beginning to feel hungry. You hit the Mordor orc! The Mordor orc hits! You see here a knife. Where do you want to travel to? (For instructions type a '?') The Mordor orc picks up a knife. The Mordor orc hits! The Mordor orc hits! The Mordor orc hits! You can't go up here. You descend the stairs. What do you want to use or apply? [ijrs or ?*] In what direction? Lock it? [ynq] (q) You succeed in locking the door. You stop searching. What do you want to eat? [em-otxy or ?*] This food really hits the spot! The plains centaur picks up a violet gem. You stop eating the food ration. The plains centaur hits! The plains centaur just misses! The plains centaur hits! The plains centaur kicks! You die... Do you want your possessions identified? [ynq] (y) Inventory: Coins $ - 110 gold pieces Weapons b - a +0 dagger (alternate weapon; not wielded) a - a +1 spear (weapon in hand) Armor c - an uncursed +3 small shield (being worn) Comestibles n - an uncursed apple x - 2 uncursed food rations F - an uncursed partly eaten food ration e - an uncursed fortune cookie t - an uncursed orange o - an uncursed tripe ration m - an uncursed egg y - a cursed egg Scrolls v - a blessed scroll of identify h - 3 uncursed scrolls of identify q - an uncursed scroll of remove curse u - a cursed scroll of teleportation Spellbooks i - an uncursed spellbook of levitation r - an uncursed spellbook of remove curse Potions E - a cursed potion of extra healing B - an uncursed potion of see invisible D - a cursed potion of speed p - an uncursed potion of water z - an uncursed potion of water Rings w - an uncursed ring of stealth Wands j - a wand of secret door detection (0:14) Tools s - an uncursed lock pick Gems/Stones k - an uncursed worthless piece of green glass l - an uncursed worthless piece of white glass DoktorL the Valkyrie's attributes: Background: You were a Skirmisher, a level 4 human Valkyrie. You were lawful, on a mission for Tyr who was opposed by Odin (neutral) and Loki (chaotic). You were in the Dungeons of Doom, on level 8. You entered the dungeon 2862 turns ago. There was a new moon in effect when your adventure ended. You had 138 experience points, 22 more were needed to attain level 5. Your score was 1022 before end-of-game adjustments. Basics: You had 0 out of 41 hit points. You had all 11 energy points (spell power). Your armor class was 6. Your wallet contained 110 zorkmids. Autopickup was on for '$"?!=/' plus thrown. Final Characteristics: Your strength was 18 (limit:18/100). Your dexterity was 13 (limit:18). Your constitution was 17 (limit:18). Your intelligence was 10 (limit:18). Your wisdom was 8 (limit:18). Your charisma was 10 (limit:18). Final Status: You were not hungry. You were unencumbered. You were wielding a spear. You had basic skill with spear. Final Attributes: You were piously aligned. You were cold resistant. You were stealthy. You are dead. Miscellaneous: You disabled loading of bones levels. Total elapsed playing time was 8 minutes and 20 seconds. Major events: Turn 1: DoktorL the lawful human Valkyrie entered the dungeon 820: attained the rank of Skirmisher (level 3) 1631: entered the Gnomish Mines 2862: killed by a plains centaur Vanquished creatures: a rock mole 2 shriekers a giant ant a kitten a kobold shaman a rothe a rabid rat 2 orc zombies 4 dwarf zombies an acid blob 2 coyotes a hobgoblin a green mold 4 gnome zombies a gecko a jackal a fox a sewer rat a grid bug 2 lichens 3 kobold zombies 6 newts 39 creatures vanquished. No species were genocided or became extinct. Voluntary challenges: You were illiterate. You never engraved Elbereth. You never genocided any monsters. You never polymorphed an object. You never changed form. You used no wishes. Achievements: You attained the rank of Skirmisher. You entered the Gnomish Mines. The Dungeons of Doom: levels 1 to 8 Level 1: Level 2: Level 3: Some fountains, a grave. Level 4: A fountain, a grave. Stairs down to The Gnomish Mines. Level 5: Many fountains, some graves. Level 6: A fountain. Level 7: Level 8: <- You were here. Final resting place for you, killed by a plains centaur. The Gnomish Mines: Level 5: Game over: ---------- / \ / REST \ / IN \ / PEACE \ / \ | DoktorL | | 110 Au | | killed by a | | plains centaur | | | | | | 2023 | *| * * * | * _________)/\\_//(\/(/\)/\//\/|_)_______ Farvel DoktorL the Valkyrie... You died in The Dungeons of Doom on dungeon level 8 with 1011 points, and 110 pieces of gold, after 2862 moves. You were level 4 with a maximum of 41 hit points when you died.